AoeStats
← FrankSinatrap

Arabian Desert

510204124Analyzed
1v1 RM · 2d ago on Sep 29, 2026· 47m 16s· 2 players
Game mode
Random Map
Map size
Tiny (2 player)
Population
200
Speed
Normal
Resources
Standard
Victory
Conquest
Starting age
Dark Age
Ending age
Imperial Age
RankedLock teamsTeams togetherTeam positionsShared explorationLock speedFull tech treeHidden civsTurbo modeCheats
Victory
Defeat
🇨🇦 Slavs · Canada
1337
+15
🇲🇽 Maya · Mexico
1307
-15
FrankSinatrap
0:30 Loom
9:45 Feudal Age
10:17 Double-Bit Axe
15:11 Horse Collar
19:12 Castle Age
18:21 Gold Mining
18:36 Fletching
18:47 Padded Archer Armor
20:02 Bodkin Arrow
19:38 Crossbowman
21:15 Pikeman
23:01 Pikeman
24:22 Sanctity
24:32 Leather Archer Armor
24:17 Scale Mail Armor
25:55 Wheelbarrow
25:34 Forging
26:11 Squires
26:52 Ballistics
28:59 Eagle Warrior
30:10 Chain Mail Armor
32:57 Iron Casting
33:08 Arson
45:23 Imperial Age
46:34 Plate Mail Armor
47:05 Blast Furnace
45:49 Halberdier
LMB. LouisLitt
6:19 Loom
13:17 Feudal Age
18:18 Castle Age
16:35 Double-Bit Axe
17:57 Scale Barding Armor
18:33 Forging
18:37 Bloodlines
19:16 Husbandry
19:46 Bow Saw
21:40 Chain Barding Armor
24:15 Town Watch
24:58 Horse Collar
29:12 Gold Mining
31:48 Wheelbarrow
33:07 Heavy Plow
36:42 Hand Cart
36:42 Stone Mining
43:24 Imperial Age
43:56 Ballistics
44:16 Iron Casting
44:25 Town Patrol
45:20 Gold Shaft Mining
44:44 Cavalier
46:01 Plate Barding Armor
47:49 Blast Furnace
Connection lost

Rejoining the realm…

Still unreachable

The connection could not be restored.

Session expired

The server has moved on; the page needs a fresh start.